 Dungeon Crawl Stone Soup version 0.25-b1-29-g4cfa5c7 (webtiles) character file.

Game seed: 15443447472077077280, levelgen mode: deterministic

122 Dorkslayer the Skirmisher (level 4, 0/35 HPs)
             Began as a Demonspawn Fighter on June 4, 2020.
             Slain by a crocodile (11 damage)
             ... on level 4 of the Dungeon.
             The game lasted 00:08:55 (2495 turns).

Dorkslayer the Skirmisher (Demonspawn Fighter)      Turns: 2495, Time: 00:08:56

Health: 0/35       AC: 13    Str: 17    XL:     4   Next: 78%
Magic:  4/4        EV:  5    Int: 10    God:
Gold:   149        SH:  9    Dex: 12    Spells: 3/3 levels left

rFire    . . .     SeeInvis .   a - +0 long sword
rCold    . . .     Gourm    .   c - +0 kite shield
rNeg     . . .     Faith    .   s - +0 chain mail
rPois    .         Spirit   .   (no helmet)
rElec    .         Reflect  .   (no cloak)
rCorr    .         Harm     .   (no gloves)
MR       .....                  (no boots)
Stlth    ..........             (no amulet)
HPRegen  0.11/turn              q - +4 ring of protection
MPRegen  0.09/turn              (no ring)

@: no status effects
A: powered by pain 1
a: no special abilities


You were on level 4 of the Dungeon.
You were hungry.

You visited 1 branch of the dungeon, and saw 4 of its levels.

You collected 149 gold pieces.

Inventory:

Hand Weapons
 a - a +0 long sword (weapon)
Missiles
 g - 4 poisoned darts (quivered)
 r - 2 javelins
Armour
 c - a +0 kite shield (worn)
 s - a +0 chain mail (worn)
Jewellery
 q - a +4 ring of protection (left hand)
Scrolls
 e - 5 scrolls of blinking
 i - 4 scrolls of remove curse
 j - 3 scrolls of teleportation
 k - a scroll of noise {unknown}
 l - a scroll of immolation
 m - a scroll of enchant weapon {unknown}
 n - 2 scrolls of enchant armour {unknown}
 p - a scroll of magic mapping {unknown}
Potions
 d - a potion of might
 h - a potion of stabbing {unknown}
 o - a potion of resistance
Comestibles
 f - 9 rations


   Skills:
 + Level 3.4 Fighting
 + Level 2.7 Long Blades
 * Level 0.9 Throwing
 + Level 3.3 Armour
 + Level 1.0 Dodging
 + Level 0.1 Stealth
 + Level 3.2 Shields


You had 3 spell levels left.
You didn't know any spells.
Your spell library was empty.

Dungeon Overview and Level Annotations

Branches:
Dungeon (4/15)
 Temple: D:4-7

Altars:
Zin
The Shining One


Innate Abilities, Weirdness & Mutations

You sometimes gain a little power by taking damage.


Message History

The crocodile is heavily wounded.
The crocodile bites you. x2
You closely miss the crocodile.
The crocodile is heavily wounded.
The crocodile bites you!
* * * LOW HITPOINT WARNING * * *
You hit the crocodile.
The crocodile is severely wounded.
You block the crocodile's attack.
You feel much better. The crocodile bites you!
You hit the crocodile.
The crocodile is almost dead.
You block the crocodile's attack. The crocodile bites you.
You hit the crocodile.
The crocodile is almost dead.
The crocodile bites you.
You closely miss the crocodile.
The crocodile is almost dead.
The crocodile bites you!
You die...

## #. #. #.
######.#####
.......@t..#
..?....###.#
###.### #


You could see a crocodile.

Vanquished Creatures
  An iguana (D:3)
  2 adders (D:3)
  A worm (D:3)
  A dart slug (D:2)
  A leopard gecko (D:1)
  5 orcs (D:3)
  11 bats
  8 giant cockroaches
  2 goblins
  8 hobgoblins
  4 jackals (D:1)
  3 quokkas
  A ball python (D:1)
  2 frilled lizards
  8 kobolds
  5 rats
63 creatures vanquished.

Notes
Turn   | Place    | Note
-------+----------+-------------------------------------------
     0 | D:1      | Dorkslayer the Demonspawn Fighter began the quest for the
                  | Orb.
     0 | D:1      | Reached XP level 1. HP: 18/18 MP: 1/1
   268 | D:1      | Gained mutation: You sometimes gain a little power by
                  | taking damage. [demonic ancestry]
   268 | D:1      | Reached XP level 2. HP: 24/24 MP: 2/2
   564 | D:1      | Reached XP level 3. HP: 25/29 MP: 3/3
   793 | D:1      | Found a glowing golden altar of the Shining One.
  1186 | D:2      | Found a faded altar of an unknown god.
  1664 | D:3      | Found a glowing silver altar of Zin.
  1691 | D:3      | Reached XP level 4. HP: 16/35 MP: 4/4
  1974 | D:3      | Reached skill level 1 in Dodging
  2483 | D:4      | Noticed a crocodile
  2495 | D:4      | Slain by a crocodile

Illustrated notes

Levels and vault maps discovered:
D:1:      dpeg_arrival_chambers_temple_mockup, layout_basic,
          minmay_tree_intersection, minmay_misc_feat_five, skrybe_limestone_x,
          tso_metal_star
D:2:      layout_loops_cross, chequers_ecumenical_altar_grove
D:3:      layout_basic, lemuel_crystal_altar, first_ration, corexii_shack
D:4:      layout_loops_ring, nemelex_xobeh_ov_fountains_minmay, minitemple

Skill      XL: |  1  2  3  4 |
---------------+-------------+-----
Armour         | 3 |  3.3
Long Blades    | 2 |  2.7
Shields        | 3 |  3.2
Dodging        | 1 |  1.0
Fighting       | |  3.4
Throwing       | |  0.9
Stealth        | |  0.1

Action                   |  1- 3 |  4- 6 || total
-------------------------+-------+-------++-------
Melee: Long sword        |   153 |    77 ||   230
Throw: Dart              |     4 |       ||     4
  Use: Scroll            |     5 |     2 ||     7
       Potion            |       |     1 ||     1
  Eat: Chunk             |     3 |     2 ||     5
Armor: Scale mail        |    93 |     3 ||    96
       Chain mail        |       |    25 ||    25
Dodge: Dodged            |    51 |     8 ||    59
Block: Kite shield       |    92 |    44 ||   136
       Rpst.: Long sword |    12 |     4 ||    16
